 Dungeon Crawl Stone Soup version 0.22-a0-833-g8522bf8 (webtiles) character file.

56 Amnesiac the Magician (level 3, -4/24 HPs)
             Began as a Mummy Earth Elementalist on July 25, 2018.
             Killed by divine providence
             ... invoked by an orc priest
              (16 damage)
             ... on level 4 of the Dungeon.
             The game lasted 00:01:21 (948 turns).

Amnesiac the Magician (Mummy Earth Elementalist)     Turns: 948, Time: 00:01:22

Health: -4/24      AC:  3    Str: 11    XL:     3   Next: 69%
Magic:  4/8        EV: 12    Int: 15    God:
Gold:   50         SH:  0    Dex: 12    Spells: 8/9 levels left

rFire    x . .     SeeInvis .   a - +1 dagger (venom)
rCold    + . .     Gourm    .   (no shield)
rNeg     + + +     Faith    .   c - +0 robe
rPois    ∞         Spirit   .   g - +0 helmet
rElec    .         Reflect  .   (no cloak)
rCorr    .         Harm     .   (no gloves)
MR       .....                  (no boots)
Stlth    ++........             (no amulet)
HPRegen  0.08/turn              (no ring)
MPRegen  0.11/turn              (no ring)

@: no status effects
A: no food or potions, fire vulnerability, cold resistance 1, negative energy
resistance 3, torment resistance, unbreathing
a: no special abilities


You were on level 4 of the Dungeon.
You were not hungry.

You visited 1 branch of the dungeon, and saw 4 of its levels.

You collected 50 gold pieces.

Inventory:

Hand Weapons
 a - a +1 dagger of venom (weapon)
Missiles
 b - 36 stones (quivered)
Armour
 c - a +0 robe (worn)
 g - a +0 helmet (worn)
Scrolls
 d - 2 scrolls of identify {!r, unknown}
 e - a scroll of teleportation {!r, unknown}
 f - a scroll of immolation {!r, unknown}


   Skills:
 - Level 1.5 Dodging
 - Level 1.5 Stealth
 + Level 3.5 Spellcasting
   Level 0.7 Transmutations
 * Level 3.5 Earth Magic


You had 8 spell levels left.
You knew the following spells:

 Your Spells              Type           Power        Failure   Level  Hunger
a - Sandblast             Erth           ##....       4%          1    N/A

Your spell library contained the following spells:

 Spells                   Type           Power        Failure   Level  Hunger
 Stone Arrow              Conj/Erth      #.....       28%         3    N/A
 Passwall                 Tmut/Erth      #.......     12%         2    N/A
 Lee's Rapid Deconstruct  Erth           ##........   77%         5    N/A
 Petrify                  Tmut/Erth      #.......     61%         4    N/A

Dungeon Overview and Level Annotations

Branches:
Dungeon (4/15)
 Temple: D:4-7

Altars:


Innate Abilities, Weirdness & Mutations

You do not eat or drink.
Your flesh is vulnerable to fire.
You are immune to poison.
Your flesh is cold resistant. (rC+)
You are immune to negative energy. (rN+++)
You are immune to unholy pain and torment.
You can survive without breathing.


Message History

b - 41 stones The orc barely misses you.
Casting: Sandblast (safe; 4% risk of failure)
Confirm with . or Enter, or press ? or * to list all spells.
Aiming: Sandblast (safe; 4% risk of failure)
Press: ? - help, Shift-Dir - straight line, f/p - orc
Aim: an orc, wielding an enchanted flail (almost dead)
The blast of sand hits the orc.
You kill the orc!
b - 40 stones
Items here: )) †† an enchanted flail; a flail; an orc corpse x2
Things that are here:
a ring mail; a short sword; an orc skeleton
There is a stone staircase leading down here.
You start resting.
Magic restored.
You start resting.
Magic restored.
You start resting.
HP restored.
You climb downwards.
There is a stone staircase leading up here.
Casting: Sandblast (safe; 4% risk of failure)
Confirm with . or Enter, or press ? or * to list all spells.
Aiming: Sandblast (safe; 4% risk of failure)
Press: ? - help, Shift-Dir - straight line, f - orc priest
Aim: an orc priest, wielding a falchion and wearing a ring mail The blast of sand hits the orc priest.
The orc priest is lightly wounded.
b - 39 stones
Casting: Sandblast (safe; 4% risk of failure)
Confirm with . or Enter, or press ? or * to list all spells.
Aiming: Sandblast (safe; 4% risk of failure)
Press: ? - help, Shift-Dir - straight line, f/p - orc priest
Aim: an orc priest, wielding a falchion and wearing a ring mail (lightly wounded)
The blast of sand hits the orc priest.
The orc priest is lightly wounded.
b - 38 stones The orc priest invokes the aid of Beogh against you.
Beogh smites you!
Ouch! That really hurt!
* * * LOW HITPOINT WARNING * * *
Casting: Sandblast (safe; 4% risk of failure)
Confirm with . or Enter, or press ? or * to list all spells.
Aiming: Sandblast (safe; 4% risk of failure)
Press: ? - help, Shift-Dir - straight line, f/p - orc priest
Aim: an orc priest, wielding a falchion and wearing a ring mail (lightly wounded)
The blast of sand hits the orc priest.
The orc priest is lightly wounded.
b - 37 stones The orc priest closely misses you.
Casting: Sandblast (safe; 4% risk of failure)
Confirm with . or Enter, or press ? or * to list all spells.
Aiming: Sandblast (safe; 4% risk of failure)
Press: ? - help, Shift-Dir - straight line, f/p - orc priest
Aim: an orc priest, wielding a falchion and wearing a ring mail (lightly wounded)
The blast of sand hits the orc priest.
The orc priest is lightly wounded.
b - 36 stones The orc priest calls down the wrath of Beogh upon you.
Beogh smites you!
Ouch! That really hurt!
You die...

#......................
###.#.#.o###.##.##.###
#......oo..##.##.#
###.######.o.....# #.#
####o#### ... #..†....#
.... #o##.##.# #....
#o##.# # #..... #@#..#
#... #.#.## #.#.###.#
#.......# ###.##### #.#
..# ###


You could see 2 orc priests.

Vanquished Creatures
  A hound (D:4)
  A dart slug (D:1)
  A leopard gecko (D:3)
  3 orcs (D:3)
  3 bats
  A giant cockroach (D:4)
  4 goblins
  3 hobgoblins
  A kobold (D:2)
  A rat (D:2)
19 creatures vanquished.

Notes
Turn   | Place    | Note
-------+----------+-------------------------------------------
     0 | D:1      | Amnesiac the Mummy Earth Elementalist began the quest for the Orb.
     0 | D:1      | Reached XP level 1. HP: 13/13 MP: 4/4
   147 | D:1      | Reached XP level 2. HP: 10/19 MP: 5/5
   612 | D:4      | Found a transporter.
   625 | D:4      | Found a transporter.
   645 | D:4      | Reached XP level 3. HP: 10/24 MP: 5/8
   948 | D:4      | Killed from afar by an orc priest

Vault maps used:
D:1:      matt_arrival_grand_opening
D:3:      zin_statuary
D:4:      gammafunk_wand_slinger, minmay_ruined_shrine, uniq_ijyb

Skill      XL: |  1  2 |
---------------+-------+-----
Spellcasting   | 3 |  3.5
Earth Magic    | 3 |  3.5
Dodging        | |  1.5
Stealth        | |  1.5
Transmutations | |  0.7

Action                   || total
-------------------------++-------
Melee: Whip              ||    21
       Dagger            ||    25
 Cast: Sandblast         ||    19
 Stab: Sleeping          ||     1
Armor: Robe              ||    10
Dodge: Dodged            ||    36

Table legend:
 A = Spawn XP
 B = Non-spawn XP
 C = Spawn XP percentage of total XP
 D = Spawn monster count
 E = Non-spawn monster count
 F = Spawn count percentage of total count
 G = Total turns spent on level
                    A         B        C        D         E        F      G
               +---------+---------+-------+---------+---------+-------+---------
         Total |       0 |      80 |   0.0 |       0 |      19 |   0.0 |   948
               +---------+---------+-------+---------+---------+-------+---------
           D:1 |       0 |      17 |   0.0 |       0 |       8 |   0.0 |   263
           D:2 |       0 |       9 |   0.0 |       0 |       5 |   0.0 |   208
           D:3 |       0 |      12 |   0.0 |       0 |       4 |   0.0 |   412
           D:4 |       0 |      42 |   0.0 |       0 |       2 |   0.0 |    65
               +---------+---------+-------+---------+---------+-------+---------
